 Dungeon Crawl Stone Soup version 0.28-a0-704-g4d584c6bc1 (webtiles) character file.

Game seed: 309044703537630434

168 Crumbo the Conjurer (level 5, -1/28 HPs)
             Began as a Deep Elf Conjurer on Oct 24, 2021.
             Slain by a killer bee (2 damage)
             ... on level 4 of the Dungeon.
             The game lasted 00:13:39 (3440 turns).

Crumbo the Conjurer (Deep Elf Conjurer)             Turns: 3440, Time: 00:13:39

Health: -1/28      AC:  2    Str:  4    XL:     5   Next: 23%
Magic:  10/13      EV: 13    Int: 24    God:
Gold:   164        SH:  0    Dex: 13    Spells: 12/13 levels left

rFire   x . .      SeeInvis .   o - +2 whip (flame)
rCold   + . .      Faith    .   (no shield)
rNeg    . . .      Spirit   .   i - +0 robe
rPois   .          Reflect  .   (no helmet)
rElec   .          Harm     .   (no cloak)
rCorr   .          Rampage  .   (no gloves)
Will    .....                   (no boots)
Stlth   ++........              h - amulet of regeneration
HPRegen 1.09/turn               b - ring of ice
MPRegen 0.13/turn               (no ring)

@: lethally poisoned (-1 -> -4)
A: no striking features
a: no special abilities


You were on level 4 of the Dungeon.
You visited 1 branch of the dungeon, and saw 4 of its levels.

You collected 164 gold pieces.

Inventory:

Hand Weapons
 o - a +2 whip of flaming (weapon)
 q - a +1 mace of protection
Missiles
 p - 2 atropa-tipped darts
Armour
 a - a +0 robe
 i - a +0 robe (worn)
Jewellery
 b - a ring of ice (left hand)
 h - an amulet of regeneration (around neck)
Scrolls
 c - 5 scrolls of identify {unknown}
 d - a scroll of magic mapping {unknown}
 k - a scroll of vulnerability {unknown}
 m - a scroll of teleportation {unknown}
 r - a scroll of enchant weapon {unknown}
Potions
 e - 2 potions of lignification {unknown}
 f - a potion of flight {unknown}
 g - a potion of haste {unknown}
 j - a potion of magic {unknown}
 l - a potion of heal wounds {unknown}
 n - a potion of might {unknown}


   Skills:
 + Level 3.1 Dodging
 + Level 3.3 Stealth
 + Level 4.6 Spellcasting
 + Level 6.0 Conjurations


You had 12 spell levels left.
You knew the following spells:

 Your Spells              Type           Power      Damage    Failure   Level
a - Magic Dart            Conj           100%       1d8       1%          1

Your spell library contained the following spells:

 Spells                   Type           Power      Damage    Failure   Level
 Searing Ray              Conj           68%        2d6       1%          2
 Dazzling Flash           Conj/Hex       40%        N/A       8%          3
 Slow                     Hex            5%         N/A       14%         2
 Fulminant Prism          Conj/Hex       10%        3d9       26%         4
 Iskenderun's Mystic Bla  Conj/Tloc      20%        2d6       26%         4
 Confusing Touch          Hex            5%         N/A       28%         3
 Yara's Violent Unravell  Hex/Tmut       2%         3d3       95%         5


Dungeon Overview and Level Annotations

Branches:
Dungeon (4/15)
 Temple: D:4-7

Altars:
Ashenzari
Vehumet

Annotations:
D:3 exclusion: statue


Message History

Your Conjurations skill increases to level 6!
You have reached level 5!
Casting: Magic Dart (safe; 1% risk of failure)
Confirm with . or Enter, or press ? or * to list all spells.
Aiming: Magic Dart (safe; 1% risk of failure)
Press: ? - help, Shift-Dir - straight line, f - killer bee
Aim: a killer bee (100% to hit)
The magic dart hits the killer bee.
The killer bee is lightly wounded.
You hit the killer bee. You burn the killer bee.
The killer bee is moderately wounded.
The killer bee closely misses you.
A killer bee comes into view.
The killer bee misses you. The killer bee closely misses you.
The killer bee misses you. The killer bee closely misses you.
The killer bee stings you but does no damage.
The killer bee closely misses you. The killer bee closely misses you.
The killer bee stings you but does no damage.
The killer bee buzzes angrily.
The killer bee closely misses you. The killer bee closely misses you.
The killer bee barely misses you. The killer bee closely misses you.
The killer bee stings you.
You are poisoned.
The killer bee poisons you! The killer bee misses you.
You feel sick. The killer bee stings you. The killer bee misses you.
The killer bee closely misses you. The killer bee stings you.
You feel sick. The killer bee barely misses you.
The killer bee closely misses you. x2
You feel sick. The killer bee misses you. The killer bee closely misses you. x2
You feel sick. The killer bee closely misses you. The killer bee stings you.
The killer bee stings you!
* * * LOW HITPOINT WARNING * * *
You feel sick. The killer bee stings you.
* * * LOW HITPOINT WARNING * * *
You are lethally poisoned!
The killer bee poisons you! The killer bee stings you.
You die... ##....## ##..## #.## #.## ##.# #.# #.# #.# #.$... ##@## #..... #yyy#

#..... ##yy.###
#..... ##......###
#..... #.........###
#.....
##..........####....#
#............##...#
#.................#
##................#


You could see 5 killer bees.

Vanquished Creatures
  A killer bee (D:4)
  Jessica (D:2)
  Natasha (D:4)
  An ufetubus (D:4)
  An adder skeleton (D:4)
  A worm (D:2)
  A dart slug (D:1)
  6 orcs
  5 endoplasms
  2 giant cockroaches
  4 goblins
  6 hobgoblins
  8 jackals (D:2)
  2 ball pythons
  5 bats
  2 frilled lizards
  2 kobolds
  3 rats
52 creatures vanquished.

Vanquished Creatures (others)
  12 plants (D:4)
12 creatures vanquished.

Grand Total: 64 creatures vanquished

Notes
Turn   | Place    | Note
-------+----------+-------------------------------------------
     0 | D:1      | Crumbo the Deep Elf Conjurer began the quest for the Orb.
     0 | D:1      | Reached XP level 1. HP: 10/10 MP: 6/6
   647 | D:1      | Reached XP level 2. HP: 15/15 MP: 5/8
   906 | D:1      | Reached skill level 5 in Conjurations
  1580 | D:2      | Noticed Jessica
  1618 | D:2      | Reached XP level 3. HP: 19/19 MP: 5/9
  1748 | D:2      | Found a faded altar of an unknown god.
  2051 | D:2      | Killed Jessica
  2197 | D:2      | Reached XP level 4. HP: 23/24 MP: 5/11
  2757 | D:3      | Found a radiant altar of Vehumet.
  2757 | D:3      | Noticed a frost-covered statue
  2877 | D:3      | Found a broken altar of Ashenzari.
  2881 | D:3      | Saw a vision of the Shoals and the Snake Pit.
  2881 | D:3      | Noticed a naga warrior
  2881 | D:3      | Noticed a black mamba
  2881 | D:3      | Noticed a sea snake
  2881 | D:3      | Noticed a merfolk
  2881 | D:3      | Noticed a sea snake
  2881 | D:3      | Noticed a sea snake
  2881 | D:3      | Noticed a black mamba
  2881 | D:3      | Noticed a merfolk siren
  2881 | D:3      | Noticed a black mamba
  2881 | D:3      | Noticed a sea snake
  2882 | D:3      | Noticed a merfolk
  2883 | D:3      | Noticed an anaconda
  3174 | D:4      | Noticed Natasha
  3183 | D:4      | Killed Natasha
  3424 | D:4      | Reached skill level 6 in Conjurations
  3424 | D:4      | Reached XP level 5. HP: 28/28 MP: 9/13
  3440 | D:4      | HP: 1/28 [killer bee (6)]
  3440 | D:4      | Slain by a killer bee

Illustrated notes

Levels and vault maps discovered:
D:1:      evilmike_arrival_rings, layout_loops_corners, st_stairs_7,
          minmay_pentomino_x4
D:2:      layout_loops_ring, basic_ecumenical_altar,
          amcnicky_mini_rare_corridor_liquid, feat_on_display, uniq_jessica
D:3:      layout_loops_ring, vehumet_statue, grunt_ashenzari_visionary
          [grunt_ashenzari_visionary_shoals, grunt_ashenzari_visionary_snake]
D:4:      layout_cave_pods, fedhas_altar_decomposition,
          nicolae_qazlal_general_emergency, chequers_serial_rivers_micro_e,
          small_statue_alley_b, kennysheep_orc_chapel, uniq_natasha

Skill      XL: |  1  2  3  4 |
---------------+-------------+-----
Conjurations   | 5 6 |  6.0
Stealth        | 3 |  3.3
Spellcasting   | 4 |  4.6
Dodging        | 3 |  3.1

Action                   |  1- 3 |  4- 6 || total
-------------------------+-------+-------++-------
Melee: Unarmed           |    59 |       ||    59
       Whip              |       |     6 ||     6
 Cast: Magic Dart        |    67 |    40 ||   107
Armor: Robe              |    16 |     4 ||    20
Dodge: Dodged            |    56 |    31 ||    87

Table legend: (Time is in decaauts)
 A = Elapsed time spent in this place.
 B = Non-inter-level travel time spent in this place.
 C = Inter-level travel time spent in this place.
 D = Time resting spent in this place.
 E = Time spent auto-exploring this place.
 F = Levels seen in this place.
 G = Mean time per level.
                   A        B        C        D        E       F      G
               +--------+--------+--------+--------+--------+-----+--------+
         Total |   3445 |   3445 |      0 |      0 |   2391 |   4 |  861.2 |
       Dungeon |   3445 |   3445 |      0 |      0 |   2391 |   4 |  861.2 |
               +--------+--------+--------+--------+--------+-----+--------+

Top non-repeatable levels by time:
     D:1: 1476 daAuts
     D:2: 1061 daAuts
     D:3: 589 daAuts
     D:4: 318 daAuts
